 Dungeon Crawl Stone Soup version 0.20.1-1-g8b1a95d (webtiles) character file.

1752 esteth the Grappler (level 8, -2/74 HPs)
             Began as a Troll Monk on Oct 15, 2017.
             Was a Believer of Ru.
             Killed by divine providence
             ... invoked by an orc priest
              (10 damage)
             ... on level 6 of the Dungeon on Oct 16, 2017.
             The game lasted 00:11:27 (4150 turns).

esteth the Grappler (Troll Monk)                    Turns: 4150, Time: 00:11:28

Health: -2/74      AC:  5    Str: 21    XL:     8   Next: 78%
Magic:  7/7        EV: 10    Int:  6    God:    Ru [**....]
Gold:   153        SH:  0    Dex: 13    Spells: 7/7 levels left

rFire    . . .     SeeInvis .     - Unarmed
rCold    . . .     Gourm    +   (no shield)
rNeg     . . .     Faith    .   a - +0 robe
rPois    .         Spirit   .   (helmet restricted)
rElec    .         Reflect  .   (no cloak)
rCorr    .         Harm     .   (gloves unavailable)
MR       .....                  (boots unavailable)
Stlth    ++........             (no amulet)
Regen    0.7/turn               (no ring)
MPRegen  0.1/turn               (no ring)

@: flying
A: unfitting armour, claws 3, fast metabolism 3, gourmand, regeneration 1,
shaggy fur 1, tough skin 2, inability to use devices
a: Renounce Religion


You were on level 6 of the Dungeon.
You worshipped Ru.
Ru was pleased with you.
You were very full.

You visited 2 branches of the dungeon, and saw 7 of its levels.

You collected 153 gold pieces.

Inventory:

Hand Weapons
 H - the +6 quarterstaff "Baxur" {crush, *Rage MR++ Int+6}
   (You found it on level 6 of the Dungeon)

   It inflicts extra damage upon your enemies.
   It affects your intelligence (+6).
   It affects your resistance to hostile enchantments.
   It may make you go berserk in combat.
Armour
 a - a +0 robe (worn)
Jewellery
 E - an uncursed amulet of rage
Wands
 n - a wand of iceblast (9/15)
 r - a wand of lightning (11/15)
Scrolls
 c - 2 scrolls of recharging {unknown}
 e - 3 scrolls of blinking {unknown}
 g - 6 scrolls of identify
 h - 3 scrolls of fog {unknown}
 i - 2 scrolls of enchant weapon {unknown}
 l - 2 scrolls of enchant armour {unknown}
 m - 2 scrolls of magic mapping {unknown}
 s - 5 scrolls of remove curse {unknown}
 v - 3 scrolls of teleportation {unknown}
 y - 3 scrolls of immolation {unknown}
 D - a scroll of random uselessness {unknown}
 F - a scroll of summoning {unknown}
Potions
 d - 3 potions of curing {unknown}
 j - a potion of agility {unknown}
 k - a potion of might {unknown}
 p - a potion of mutation {unknown}
 q - a potion of berserk rage {unknown}
 t - a potion of cancellation {unknown}
 u - a potion of haste {unknown}
 x - 3 potions of heal wounds {unknown}
 B - a potion of brilliance {unknown}
 G - a potion of ambrosia {unknown}
 I - a potion of lignification {unknown}
Books
 w - a book of Cantrips

   Spells                             Type                      Level
   a - Confusing Touch                Hexes                        1
   b - Animate Skeleton               Necromancy                   1
   c - Summon Small Mammal            Summoning                    1
   d - Apportation                    Translocation                1
Comestibles
 b - 5 bread rations
 o - 2 royal jellies
 z - 5 fruits
 A - a meat ration
 C - 4 chunks of flesh


   Skills:
 - Level 2.4 Fighting
 - Level 2.4 Dodging
 - Level 1.0 Stealth
 + Level 11.5 Unarmed Combat


You had 7 spell levels left.
You didn't know any spells.

Dungeon Overview and Level Annotations

Branches:
Dungeon (6/15)             Temple (1/1) D:5

Altars:
Ashenzari
Cheibriados
Dithmenos
Elyvilon
Fedhas
Gozag
Hepliaklqana
Kikubaaqudgha
Nemelex Xobeh
Okawaru
Qazlal
Ru
Sif Muna
Uskayaw
Vehumet
Xom
Yredelemnul
Zin
The Shining One

Annotations:
D:3 Sigmund


Innate Abilities, Weirdness & Mutations

You are too large for most types of armour.
You have claws for hands.
Your metabolism is lightning-fast.
You like to eat raw meat.
Your natural rate of healing is unusually fast.
You are covered in fur. (AC +1)
You have very tough skin. (AC +2)
You cannot study or use magical devices.


Message History

* * * LOW HITPOINT WARNING * * *
You redirect the orc wizard's attack!
The jackal bites you but does no damage.
You claw the jackal!
You kill the jackal!
The jackal bites you but does no damage.
Something hits you but does no damage.
The orc warrior hits you from afar with a trident!
* * * LOW HITPOINT WARNING * * *
The orc wizard mumbles some strange words.
The orc wizard blinks!
The jackal barely misses you.
It was a potion of flight.
You feel very buoyant.
You fly up into the air.
The jackal completely misses you. Something hits you.
* * * LOW HITPOINT WARNING * * *
The orc barely misses you. The orc wizard hits you with a dagger.
* * * LOW HITPOINT WARNING * * *
The orc priest invokes the aid of Beogh against you.
Beogh smites you!
You die...

#.. <..#. ... ###.# <.#.
.. ..#.# . #... $. #
#.#.# .. ...#.#.# #.#.#
...##....#.### #.#.#
....ho§.... #.#.#
#.##oohh#.##.#
###.#'#####....{@......#
.........#######.o......
.........#..............
.........#.##..##.......
.........#.##..# .......
.........'.##..##.......
.........####...+.......
......###.......#.......
.###....................


You could see an orc warrior, an orc priest, an orc wizard, an orc and 3
jackals.

Vanquished Creatures
  Grinder (D:6)
  Menkaure (D:6)
  Duvessa (D:5)
  A sky beast (D:5)
  3 ogres
  Blork the orc (D:5)
  4 bullfrogs (D:6)
  Dowan (D:5)
  2 howler monkeys
  A crimson imp (D:5)
  2 hounds
  A bullfrog skeleton (D:5)
  2 orc wizards
  A centaur skeleton (D:4)
  4 worker ants
  A hound zombie (D:6)
  Robin (D:2)
  A worker ant zombie (D:5)
  10 adders
  3 worms
  A dart slug (D:3)
  3 leopard geckos
  11 orcs
  6 giant cockroaches
  6 hobgoblins
  11 jackals
  A quokka (D:3)
  11 bats
  8 frilled lizards
  11 goblins
  6 kobolds
  A leopard gecko skeleton (D:5)
  A quokka zombie (D:4)
  9 rats
128 creatures vanquished.

Notes
Turn   | Place    | Note
-------+----------+-------------------------------------------
     0 | D:1      | esteth the Troll Monk began the quest for the Orb.
     0 | D:1      | Reached XP level 1. HP: 22/22 MP: 0/0
    88 | D:1      | Reached XP level 2. HP: 29/29 MP: 1/1
   212 | D:1      | Reached skill level 4 in Unarmed Combat
   452 | D:2      | Reached XP level 3. HP: 36/36 MP: 2/2
   485 | D:2      | Found a glowing silver altar of Zin.
   518 | D:2      | Found an opulent altar of Gozag.
   519 | D:2      | Found a deep blue altar of Sif Muna.
   648 | D:2      | Reached XP level 4. HP: 39/44 MP: 3/3
   729 | D:2      | Reached skill level 5 in Unarmed Combat
   777 | D:2      | Noticed Robin
   799 | D:2      | Killed Robin
  1074 | D:2      | Found a shadowy altar of Dithmenos.
  1256 | D:3      | Reached XP level 5. HP: 45/50 MP: 4/4
  1572 | D:3      | Reached skill level 6 in Unarmed Combat
  1764 | D:3      | Noticed Sigmund
  2299 | D:4      | Noticed an ogre
  2304 | D:4      | Killed an ogre
  2304 | D:4      | Reached skill level 7 in Unarmed Combat
  2304 | D:4      | Reached XP level 6. HP: 45/59 MP: 5/5
  2661 | D:5      | Entered Level 5 of the Dungeon
  2661 | D:5      | Noticed a sky beast
  2677 | D:5      | Killed a sky beast
  2686 | D:4      | Reached skill level 8 in Unarmed Combat
  2687 | D:4      | Reached XP level 7. HP: 27/66 MP: 6/6
  2959 | D:5      | Found a staircase to the Ecumenical Temple.
  2987 | Temple   | Entered the Ecumenical Temple
  3239 | Temple   | Became a worshipper of Ru the Awakened
  3242 | Temple   | Gained mutation: You cannot study or use magical devices. [Ru sacrifice]
  3242 | Temple   | Reached * piety under Ru
  3242 | Temple   | Reached ** piety under Ru
  3320 | D:5      | Noticed Blork the orc
  3321 | D:5      | Killed Blork the orc
  3321 | D:5      | Reached skill level 9 in Unarmed Combat
  3453 | D:5      | Noticed Duvessa
  3462 | D:5      | Noticed Dowan
  3472 | D:5      | Killed Duvessa
  3473 | D:5      | Killed Dowan
  3536 | D:5      | Reached XP level 8. HP: 74/74 MP: 7/7
  3837 | D:6      | Reached skill level 10 in Unarmed Combat
  3844 | D:6      | Got a smoking quarterstaff
  3845 | D:6      | Identified the +6 quarterstaff "Baxur" {crush, *Rage MR++ Int+6} (You found it on level 6 of the Dungeon)
  3890 | D:6      | Found a shimmering altar of Xom.
  3956 | D:6      | Noticed Grinder
  3965 | D:6      | Killed Grinder
  3977 | D:6      | Reached skill level 11 in Unarmed Combat
  3978 | D:6      | Noticed Menkaure
  3985 | D:6      | Killed Menkaure
  4150 | D:6      | Killed from afar by an orc priest

Skill      XL: |  1  2  3  4  5  6  7  8 |
---------------+-------------------------+-----
Unarmed Combat | 4 5 7 8 9 11 | 11.5
Fighting       | |  2.4
Dodging        | |  2.4
Stealth        | |  1.0

Action                   |  1- 3 |  4- 6 |  7- 9 || total
-------------------------+-------+-------+-------++-------
Melee: Unarmed           |   107 |   151 |   128 ||   386
       Punch             |     1 |     5 |     3 ||     9
Invok: Sacrifice Artific |       |       |     1 ||     1
  Use: Scroll            |       |       |     1 ||     1
       Potion            |       |       |     1 ||     1
 Stab: Sleeping          |     5 |     1 |     3 ||     9
  Eat: Chunk             |    11 |    16 |    16 ||    43
Armor: Robe              |    53 |    34 |    37 ||   124
Dodge: Dodged            |    54 |    86 |    63 ||   203
